 Dungeon Crawl Stone Soup version 0.18-a0-1443-ge8f1551 (webtiles) character file.

144 Bubs the Charmwright (level 5, 39/39 HPs)
             Began as a Merfolk Skald on Feb 29, 2016.
             Quit the game on level 3 of the Dungeon.
             The game lasted 00:07:41 (3128 turns).

Bubs the Charmwright (Merfolk Skald)                Turns: 3128, Time: 00:07:41

Health: 39/39      AC:  7    Str: 12    XL:     5   Next: 26%
Magic:  8/8        EV: 11    Int: 13    God:
Gold:   177        SH:  0    Dex: 13    Spells: 2 memorised, 5 levels left

rFire  . . .     SeeInvis .     a - +0 falchion
rCold  . . .     Gourm    +     p - +0 ring mail {MR+}
rNeg   + . .     Faith    .     (no shield)
rPois  .         Spirit   .     l - +0 helmet
rElec  .         Dismiss  .     (no cloak)
rCorr  .         Reflect  .     (no gloves)
SustAt .         Harm     .     b - +0 pair of boots
MR     +....                    o - amulet of the gourmand
Stlth  +.........               (no ring)
                                k - ring of positive energy

@: somewhat resistant to hostile enchantments, very unstealthy
A: change form in water, swift swim
a: no special abilities


You were on level 3 of the Dungeon.
You were not hungry.

You visited 1 branch of the dungeon, and saw 3 of its levels.

You collected 177 gold pieces.

Inventory:

Hand Weapons
 a - a +0 falchion (weapon)
Armour
 b - a +0 pair of boots (worn)
 l - a +0 helmet (worn)
 p - a +0 ring mail of magic resistance (worn)
Jewellery
 k - a ring of positive energy (left hand)
 o - an amulet of the gourmand (around neck)
Scrolls
 e - a scroll of amnesia
 f - a scroll of recharging {unknown}
 g - a scroll of teleportation {unknown}
 i - a scroll of identify {unknown}
 j - a scroll of magic mapping {unknown}
 m - a scroll of immolation {unknown}
 n - a scroll of remove curse {unknown}
Books
 c - a book of Battle

   Spells                             Type                      Level
   a - Infusion                       Charms                       1
   b - Shroud of Golubria             Charms/Translocation         2
   c - Song of Slaying                Charms                       2
   d - Spectral Weapon                Hexes/Charms                 3
   e - Regeneration                   Charms/Necromancy            3
Comestibles
 d - 5 bread rations
 h - 3 meat rations


   Skills:
 + Level 2.7 Fighting
 + Level 3.3 Long Blades
 + Level 1.7 Armour
 + Level 2.9 Dodging
 + Level 2.5 Spellcasting
 + Level 3.7 Charms
 + Level 0.1 Translocations


You had 5 spell levels left.
You knew the following spells:

 Your Spells              Type           Power        Failure   Level  Hunger
b - Shroud of Golubria    Chrm/Tloc      #.........   38%         2    ###....
c - Song of Slaying       Chrm           ##......     21%         2    ###....


Dungeon Overview and Level Annotations

Branches:
Dungeon (3/15)

Altars:
Pakellas

Shops:
D:2 }

Annotations:
D:3 Bubs's ghost, weakling MfSk


Message History

You start resting.
You are no longer magically infusing your attacks.
You start resting.
Magic restored.
You start resting.
HP restored.
Things that are here:
a +0 ring mail; a flail
There is a stone staircase leading down here.
You climb downwards.
Level annotation: Bubs's ghost, weakling MfSk
Found a whip.
Found a stone staircase leading down.
There is a stone staircase leading up here.
k - a ring of positive energy (left hand)
As you read the scroll labeled QUNADOELAKH, it crumbles to dust.
It is a scroll of amnesia.
Forget which spell ([?*] list [ESC] exit)?
Your memory of Infusion unravels.
Unknown command.
Are you sure you want to abandon this character and quit the game? (Confirm with "yes".)

#. ## #.
.. # ..
.### #
#.#. ...
.# #.#.#..
..
..>..#.#
#.....#
#.@# #...#
....)..
.....#...#
.......
.###
...###. .#
... #. .#
.. .. .#


There were no monsters in sight!

Vanquished Creatures
  Terence (D:2)
  4 adders
  2 oozes
  4 worms
  4 dart slugs
  3 giant geckos
  5 bats
  2 goblins
  5 hobgoblins
  9 jackals (D:2)
  4 kobolds
  A ball python (D:2)
  4 giant newts
  7 rats
55 creatures vanquished.

Notes
Turn   | Place    | Note
--------------------------------------------------------------
     0 | D:1      | Bubs the Merfolk Skald began the quest for the Orb.
     0 | D:1      | Reached XP level 1. HP: 16/16 MP: 3/3
   473 | D:1      | Reached XP level 2. HP: 22/22 MP: 5/5
   795 | D:1      | Reached skill level 1 in Armour
  1226 | D:2      | Reached XP level 3. HP: 24/27 MP: 6/6
  1641 | D:2      | Learned a level 2 spell: Shroud of Golubria
  1658 | D:2      | Noticed Terence
  1675 | D:2      | Killed Terence
  1675 | D:2      | Reached XP level 4. HP: 24/34 MP: 0/7
  1841 | D:2      | Learned a level 2 spell: Song of Slaying
  1909 | D:2      | Found an oddly glowing altar of Pakellas.
  1909 | D:2      | Found Pakellas's Prime Provisions.
  2342 | D:2      | Reached XP level 5. HP: 22/39 MP: 6/8
  2632 | D:3      | Noticed Bubs's ghost (weakling MfSk)
  3128 | D:3      | Quit the game

Vault maps used:
D:1:      minmay_arrival_wavy_path
D:2:      johnstein_pakellas_shop, uniq_terence

Skill      XL: |  1  2  3  4 |
---------------+-------------+-----
Armour         | 1 |  1.7
Dodging        | 2 |  2.9
Long Blades    | 3 |  3.3
Fighting       | |  2.7
Spellcasting   | |  2.5
Charms         | |  3.7
Translocations | |  0.1

Action                   |  1- 3 |  4- 6 || total
-------------------------+-------+-------++-------
Melee: Falchion          |   143 |   123 ||   266
 Cast: Infusion          |     5 |     7 ||    12
       Shroud of Golubri |     1 |     4 ||     5
       Song of Slaying   |       |     1 ||     1
  Use: Scroll            |     1 |     1 ||     2
  Eat: Chunk             |     3 |     6 ||     9
